Map: Jagannatha ER

Players

ZipperTheFly

  • Race: Terran Terran
  • League: Grandmaster
  • Spawn Location: 7:00

Krystianer - Winner!

  • Race: Protoss Protoss
  • League: Grandmaster
  • Spawn Location: 1:00

Event: DreamHack SC2 Masters 2020 Winter

VOD

Have the link to the VOD?

Description

Time

  • Played on: Oct. 18, 2020, 3:13 p.m.
  • Length: 7:54

All games in this series

Show
View Real Time Build Order
Export as new Build Order

ZipperTheFly Terran 

Build Orders:  

Get SALT Encoding   

  12  0:00  SCV  
  13  0:12  SCV  
  14  0:17  Supply Depot  
  14  0:24  SCV  
  15  0:38  SCV  
  15  0:40  Barracks  
  16  0:48  Supply Depot  
  16  0:50  SCV  
  17  1:03  SCV  
  18  1:23  Command Center  
  18  1:26  Marine  
  19  1:36  Orbital Command  
  19  1:42  Refinery  
  19  1:47  Refinery  
  19  1:49  Marine  
  20  2:03  Command Center  
  20  2:04  SCV  
  20  2:07  Marine  
  22  2:16  SCV  
  23  2:25  Marine  
  23  2:28  Factory, SCV  
  25  2:34  Supply Depot  
  25  2:40  SCV  
  26  2:48  Barracks Reactor  
  26  2:54  SCV  
  27  3:06  SCV  
  28  3:13  Factory Tech Lab  
  28  3:15  Orbital Command  
  27  3:25  SCV  
  27  3:28  Marine  
  27  3:32  Cyclone  
  30  3:37  SCV, Orbital Command  
  31  3:43  Starport  
  33  3:49  SCV  
  32  3:56  Barracks  
  32  3:58  Command Center  
  32  4:02  SCV  
  33  4:04  SCV  
  34  4:13  Factory Tech Lab  
  34  4:14  SCV  
  34  4:17  SCV  
  36  4:20  Marine x2  
  36  4:21  Bunker  
  38  4:26  SCV  
  38  4:27  Raven  
  38  4:29  SCV  
  42  4:35  Siege Tank  
  45  4:38  SCV  
  45  4:41  SCV, Marine  
  45  4:42  Marine  
  49  4:45  Supply Depot  
  49  4:51  SCV  
  50  4:53  SCV  
  51  5:00  Marine x2  
  52  5:12  Viking  
  52  5:13  SCV x2  
  51  5:17  Orbital Command  
  51  5:25  SCV  
  52  5:34  Siege Tank  
  52  5:35  SCV  
  58  5:37  SCV  
  59  5:47  SCV  
  59  5:49  SCV x2  
  60  5:51  Barracks  
  60  5:53  Barracks  
  58  5:59  SCV  
  58  6:00  Stimpack  
  58  6:01  SCV, Starport Tech Lab  
  58  6:03  SCV  
  61  6:06  Siege Tank, Refinery  
  61  6:09  Refinery, Engineering Bay  
  64  6:11  SCV  
  64  6:13  SCV  
  64  6:15  SCV  
  67  6:24  SCV  
  67  6:25  Marine  
  69  6:31  Starport Reactor  
  69  6:32  SCV  
  70  6:37  SCV  
  70  6:38  SCV  
  72  6:40  Marine x2  
  72  6:46  Marine x2, Barracks  
  76  6:48  Barracks  
  76  6:49  SCV  
  76  6:53  Supply Depot x2  
  77  7:01  Supply Depot  
  77  7:04  Siege Tank, Marine x2, SCV  
  77  7:05  Marauder  
  85  7:14  SCV x2  
  85  7:15  Marauder, Medivac  
  91  7:16  Medivac  
  91  7:18  Supply Depot  
  93  7:23  Marine x2  
  93  7:24  Supply Depot  
  93  7:26  Marauder  
  82  7:45  Barracks Tech Lab  
Show
View Real Time Build Order
Export as new Build Order

Krystianer Protoss - Winner!

Build Orders: 1 Gate Expand, Zealot Archon, Colossus Rush 

Get SALT Encoding   

  12  0:00  Probe  
  13  0:12  Probe  
  14  0:17  Pylon  
  14  0:24  Probe (Chrono Boost)  
  16  0:36  Gateway, Probe (Chrono Boost)  
  16  0:43  Probe (Chrono Boost)  
  16  0:45  Assimilator  
  17  0:50  Probe  
  18  1:02  Probe  
  19  1:15  Probe  
  20  1:22  Nexus  
  20  1:32  Cybernetics Core  
  20  1:35  Probe  
  21  1:40  Assimilator  
  21  1:47  Probe  
  22  1:51  Pylon  
  22  1:59  Probe  
  23  2:06  Adept (Chrono Boost)  
  23  2:11  Probe  
  23  2:14  Robotics Facility  
  26  2:17  Warp Gate  
  26  2:23  Probe (Chrono Boost)  
  26  2:29  Stalker  
  29  2:35  Probe (Chrono Boost)  
  31  2:37  Probe (Chrono Boost)  
  31  2:43  Probe (Chrono Boost)  
  33  2:44  Probe (Chrono Boost)  
  33  2:49  Probe x2 (Chrono Boost)  
  35  2:59  Gateway  
  35  3:03  Robotics Bay  
  35  3:05  Probe  
  36  3:06  Probe  
  37  3:15  Warp Prism (Chrono Boost)  
  39  3:20  Probe  
  39  3:24  Probe  
  41  3:32  Probe  
  42  3:34  Pylon  
  42  3:38  Probe  
  41  3:42  Assimilator  
  41  3:44  Probe  
  42  3:49  Colossus (Chrono Boost)  
  42  3:51  Probe  
  42  3:54  Pylon  
  49  3:56  Gravitic Drive (Chrono Boost), Probe  
  50  4:03  Probe  
  51  4:12  Stalker x2  
  51  4:13  Pylon  
  51  4:14  Probe  
  56  4:24  Probe  
  56  4:27  Observer (Chrono Boost)  
  58  4:32  Twilight Council  
  58  4:33  Forge  
  57  4:42  Probe  
  58  4:48  Nexus  
  58  4:50  Gateway  
  58  4:52  Probe  
  59  4:54  Gateway  
  59  4:56  Sentry  
  59  4:57  Probe  
  62  5:04  Protoss Ground Armor Level 1 (Chrono Boost), Probe  
  63  5:09  Probe (Chrono Boost)  
  63  5:13  Charge (Chrono Boost)  
  64  5:21  Gateway, Probe x2 (Chrono Boost)  
  66  5:22  Gateway  
  66  5:28  Probe (Chrono Boost)  
  67  5:30  Probe (Chrono Boost)  
  67  5:35  Probe  
  67  5:40  Probe  
  69  5:42  Gateway  
  69  5:47  Gateway, Probe  
  69  5:49  Templar Archives  
  70  5:50  Pylon  
  70  5:56  Colossus (Chrono Boost)  
  70  6:00  Probe x2  
  70  6:02  Probe  
  79  6:09  Pylon, Zealot x2  
  83  6:12  Probe  
  84  6:23  Pylon  
  84  6:24  Zealot  
  84  6:25  Zealot x3  
  92  6:36  Zealot  
  92  6:37  Zealot, Probe  
  92  6:39  Assimilator  
  97  6:41  Assimilator  
  97  6:42  Pylon  
  97  6:43  Pylon  
  96  6:50  High Templar x2  
  96  6:52  Zealot x4  
  108  6:55  Pylon, Probe  
  108  6:58  Archon  
  108  7:00  Probe  
  108  7:01  Zealot x2  
  114  7:03  Pylon  
  114  7:04  Assimilator, Pylon  
  114  7:14  Probe  
  115  7:23  Zealot x7  
  115  7:25  Zealot  
Tags
 
Add a new tag
Caveats
  • Supply blocks, unpowered buildings, or Contaminate may cause inaccurate times.
  • Supply counts are checked every 10 seconds.